 Dungeon Crawl Stone Soup version 0.21.1-1-g345015fe64 (webtiles) character file.

169 JarielCorvus the Magician (level 5, 0/28 HPs)
             Began as a Deep Elf Wizard on June 17, 2018.
             Slain by a gnoll
             ... wielding a +0 spear
              (6 damage)
             ... on level 3 of the Dungeon.
             The game lasted 00:10:54 (2688 turns).

JarielCorvus the Magician (Deep Elf Wizard)         Turns: 2688, Time: 00:10:54

Health: 0/28       AC:  0    Str:  5    XL:     5   Next: 25%
Magic:  5/16       EV:  7    Int: 23    God:
Gold:   114        SH:  0    Dex: 13    Spells: 7/18 levels left

rFire    . . .     SeeInvis .   g - +1 scythe
rCold    . . .     Gourm    .   (shield currently unavailable)
rNeg     . . .     Faith    .   (no armour)
rPois    .         Spirit   .   b - +0 hat
rElec    .         Reflect  .   (no cloak)
rCorr    .         Harm     .   (no gloves)
MR       .....                  (no boots)
Stlth    ++........             (no amulet)
HPRegen  0.09/turn              (no ring)
MPRegen  0.15/turn              (no ring)

@: held
A: no striking features
a: no special abilities


You were on level 3 of the Dungeon.
You were not hungry.

You visited 1 branch of the dungeon, and saw 3 of its levels.

You collected 114 gold pieces.

Inventory:

Hand Weapons
 g - a +1 scythe (weapon)
Armour
 a - a +0 robe
 b - a +0 hat (worn)
 h - a +0 robe
Jewellery
 f - an uncursed amulet of the gourmand {unknown}
 j - an uncursed ring of protection from cold {unknown}
Scrolls
 e - a scroll of teleportation {unknown}
 i - a scroll of enchant weapon
Books
 c - a book of Minor Magic

   Spells                             Type                      Level
   a - Magic Dart                     Conjuration                  1
   b - Blink                          Translocation                2
   c - Call Imp                       Summoning                    2
   d - Slow                           Hexes                        2
   e - Conjure Flame                  Conjuration/Fire             3
   f - Mephitic Cloud                 Conjuration/Poison/Air       3
Comestibles
 d - 3 rations


   Skills:
 - Level 2.4 Dodging
 - Level 2.4 Stealth
 * Level 7.2 Spellcasting
 + Level 3.2 Conjurations
 - Level 1.1 Summonings
 - Level 1.1 Translocations


You had 7 spell levels left.
You knew the following spells:

 Your Spells              Type           Power        Failure   Level  Hunger
a - Magic Dart            Conj           ###.         1%          1    None
b - Call Imp              Summ           ##......     7%          2    None
c - Blink                 Tloc           N/A          7%          2    None
d - Mephitic Cloud        Conj/Pois/Air  ##......     14%         3    None
e - Conjure Flame         Conj/Fire      ###.....     12%         3    None


Dungeon Overview and Level Annotations

Branches:
Dungeon (3/15)

Altars:

Annotations:
D:3 tim133133's ghost, amateur DDFi


Message History

* * * LOW HITPOINT WARNING * * *
Casting: Magic Dart
Confirm with . or Enter, or press ? or * to list all spells.
Aiming: Magic Dart
Press: ? - help, Shift-Dir - straight line, f - gnoll
Aim: a gnoll The magic dart hits the gnoll.
The gnoll is lightly wounded.
The gnoll hits you from afar with a spear.
* * * LOW HITPOINT WARNING * * *
Casting: Magic Dart
Confirm with . or Enter, or press ? or * to list all spells.
Aiming: Magic Dart
Press: ? - help, Shift-Dir - straight line, f/p - gnoll
Aim: a gnoll (lightly wounded)
The magic dart hits the gnoll.
The gnoll is moderately wounded.
The gnoll closely misses you.
The gnoll hits you from afar with a spear.
You die...

. . . . . . ### .
...).#+########.##
.....gg@.........#
...........####..###
..............#..#..
............#.#..#.#####
............#.#..#.#....
............#.#..#.#.###
######......#...<.......
#.....#####......##
#.....+...'........


You could see 2 gnolls.

Vanquished Creatures
  A gnoll (D:3)
  An adder (D:2)
  2 oozes
  2 dart slugs
  3 worms (D:2)
  4 leopard geckos
  A giant cockroach (D:2)
  7 goblins
  6 hobgoblins
  2 jackals (D:2)
  3 kobolds
  3 quokkas
  5 bats
  2 frilled lizards (D:1)
  A jackal zombie (D:3)
  5 rats
48 creatures vanquished.

Vanquished Creatures (collateral kills)
  Sigmund (D:2)
  A dart slug (D:2)
2 creatures vanquished.

Grand Total: 50 creatures vanquished

Notes
Turn   | Place    | Note
-------+----------+-------------------------------------------
     0 | D:1      | JarielCorvus the Deep Elf Wizard began the quest for the Orb.
     0 | D:1      | Reached XP level 1. HP: 10/10 MP: 7/7
   185 | D:1      | Reached XP level 2. HP: 14/15 MP: 3/9
   443 | D:1      | Learned a level 2 spell: Call Imp
   446 | D:1      | Learned a level 2 spell: Blink
   457 | D:1      | Reached skill level 5 in Spellcasting
  1045 | D:2      | Noticed Sigmund
  1166 | D:2      | Killed Sigmund
  1166 | D:2      | Reached skill level 6 in Spellcasting
  1166 | D:2      | Reached XP level 3. HP: 19/19 MP: 8/13
  1166 | D:2      | Reached XP level 4. HP: 24/24 MP: 8/14
  1171 | D:2      | Learned a level 3 spell: Mephitic Cloud
  1175 | D:2      | Learned a level 3 spell: Conjure Flame
  1652 | D:2      | Reached XP level 5. HP: 28/28 MP: 10/16
  1672 | D:2      | Reached skill level 7 in Spellcasting
  1847 | D:3      | Noticed tim133133's ghost (amateur DDFi)
  2688 | D:3      | Slain by a gnoll

Skill      XL: |  1  2  3  4  5 |
---------------+----------------+-----
Spellcasting   | 6 7 |  7.2
Conjurations   | 2 3 |  3.2
Dodging        | |  2.4
Stealth        | |  2.4
Summonings     | |  1.1
Translocations | |  1.1

Action                   |  1- 3 |  4- 6 || total
-------------------------+-------+-------++-------
 Cast: Magic Dart        |    52 |    87 ||   139
       Call Imp          |     2 |     3 ||     5
       Conjure Flame     |       |     6 ||     6
  Use: Scroll            |       |     4 ||     4
       Potion            |       |     1 ||     1
  Eat: Ration            |     1 |     1 ||     2
       Chunk             |       |     1 ||     1
Dodge: Dodged            |     6 |    10 ||    16
